 Dungeon Crawl Stone Soup version 0.29.0-11-gd7f09526c8 (webtiles) character file.

Game seed: 11199586013723676938

1878 H0rd4k the Slicer (level 9, -2/66 HPs)
             Began as a Human Artificer on Sept 6, 2022.
             Slain by an ogre
             ... wielding a +0 giant club
              (24 damage)
             ... on level 6 of the Dungeon.
             The game lasted 00:04:58 (5405 turns).

H0rd4k the Slicer (Human Artificer)                 Turns: 5405, Time: 00:04:59

Health: -2/66      AC: 10    Str: 12    XL:     9   Next: 36%
Magic:  9/9        EV: 12    Int: 16    God:
Gold:   362        SH:  0    Dex: 19    Spells: 8/8 levels left

rFire   . . .      SeeInvis .   h - +2 dagger (drain)
rCold   + . .      Faith    .   (no shield)
rNeg    . . .      Spirit   .   o - +4 ring mail of Imperfection {rC+ Stlth+}
rPois   +          Reflect  .   (no helmet)
rElec   .          Harm     .   (no cloak)
rCorr   .          Rampage  .   I - +0 pair of gloves of the Grue {Dex+5}
Will    .....                   (no boots)
Stlth   ++........              (no amulet)
HPRegen 0.21/turn               C - ring of poison resistance
MPRegen 0.11/turn               (no ring)

@: no status effects
A: no striking features
a: no special abilities


You were on level 6 of the Dungeon.
You visited 1 branch of the dungeon, and saw 6 of its levels.

You collected 362 gold pieces.

Inventory:

Hand Weapons
 g - a +0 mace
 h - a +2 dagger of draining (weapon)
 u - a +1 dagger of venom
 H - a +4 dagger
Missiles
 i - 4 curare-tipped darts
 F - 11 poisoned darts
Armour
 b - a +0 leather armour
 o - the +4 ring mail of Imperfection (worn) {rC+ Stlth+}
   (You found it on level 2 of the Dungeon)

   rC:        It protects you from cold.
   Stlth:     It makes you more stealthy.
 x - a scarf of shadows
 I - the +0 pair of gloves of the Grue (worn) {Dex+5}
   (You found it on level 5 of the Dungeon)

   Dex:       It affects your dexterity (+5).
Magical Staves
 z - a staff of fire
Jewellery
 C - a ring of poison resistance (left hand)
Wands
 c - a wand of flame (5) (quivered)
 d - a wand of charming (18)
 e - a wand of iceblast (5)
Scrolls
 a - 6 scrolls of identify {unknown}
 j - a scroll of silence {unknown}
 m - 5 scrolls of teleportation {unknown}
 p - a scroll of fog {unknown}
 s - 2 scrolls of poison {unknown}
 y - a scroll of noise {unknown}
 B - 3 scrolls of vulnerability {unknown}
 D - a scroll of brand weapon {unknown}
 E - a scroll of enchant weapon {unknown}
 G - 2 scrolls of fear {unknown}
Potions
 f - a potion of mutation {unknown}
 k - 2 potions of berserk rage {unknown}
 l - a potion of attraction {unknown}
 n - 3 potions of heal wounds {unknown}
 q - a potion of might {unknown}
 r - 5 potions of curing {unknown}
 t - a potion of haste {unknown}
 v - a potion of resistance {unknown}
 w - a potion of flight {unknown}
 A - a potion of ambrosia {unknown}


   Skills:
 + Level 4.7 Fighting
 * Level 9.3 Short Blades
 + Level 1.3 Maces & Flails
 - Level 2.0 Armour
 + Level 4.4 Dodging
 - Level 1.0 Stealth
 - Level 3.0 Evocations


You had 8 spell levels left.
You didn't know any spells.
Your spell library contained the following spells:

 Spells                   Type           Power      Damage    Failure   Level
 Slow                     Hex            0%         N/A       50%         1
 Confusing Touch          Hex            0%         N/A       86%         3
 Vampiric Draining        Necr           0%         2d6       86%         3


Dungeon Overview and Level Annotations

Branches:
Dungeon (6/15)
 Temple: D:4-7

Altars:

Annotations:
D:3 exclusion: downstairs
D:5 exclusion: phantom


Message History

The howler monkey is heavily wounded.
The howler monkey hits you but does no damage.
You hit the howler monkey. You drain the howler monkey.
The howler monkey is severely wounded.
You hit the howler monkey.
The howler monkey is almost dead.
The howler monkey hoots and howls with incredible vigour!
You hear an angry hiss. x2; You hear a shout! x4
You hit the howler monkey.
You kill the howler monkey!
The centaur wields a +0 shortbow.
The centaur shoots an arrow.
The arrow hits you.
The centaur unwields a +0 shortbow.
The centaur barely misses you. The centaur misses you.
You hit the centaur. You drain the centaur.
The centaur is moderately wounded.
The centaur hits you.
The centaur kicks you but does no damage.
You hit the centaur. You drain the centaur.
The centaur is almost dead.
The centaur hits you but does no damage.
The centaur closely misses you.
You hit the centaur. You drain the centaur.
You kill the centaur!
You hit the adder. You drain the adder.
The adder is severely wounded.
The adder bites you but does no damage.
You hit the adder.
The adder is almost dead.
An adder comes into view.
You barely miss the adder.
The adder is almost dead.
The adder barely misses you.
You hit the adder.
You kill the adder!
The ogre attacks as you move away! The ogre barely misses you.
The ogre hits you with a +0 giant club! The ogre attacks as you move away!
The ogre hits you with a +0 giant club!!
You die...

..........##....## ..#
########...#.....##.#
##...#......#####
.##....####.##..######
$##.##.##.......#....
..#..####.[#.........
#.##.####[####.......
#..#.#.##[# ###..#..
#..#@#....####....##. #
##.##O#............... #O.
##...S{#..........##...
#...######$.##.##.........##
.##
#..O††.O.##..#...........#
##
##.8..8.##..##..........##
########...#...##....###
....###...#...### .....
##...<....##


You could see an ogre and an adder.

Vanquished Creatures
  2 water moccasins (D:6)
  3 black bears
  2 centaurs (D:6)
  A gnoll sergeant (D:5)
  A bullfrog (D:6)
  5 scorpions
  4 wights (D:6)
  A howler monkey (D:6)
  A jelly (D:5)
  5 hounds
  An orc priest (D:4)
  An orc wizard (D:5)
  2 iguanas
  5 gnolls
  11 adders
  A white imp (D:6)
  3 worms
  3 dart slugs
  16 orcs
  2 endoplasms
  4 giant cockroaches
  11 goblins
  6 hobgoblins
  2 jackals (D:4)
  11 kobolds
  8 quokkas
  12 ball pythons
  3 bats
  5 frilled lizards
  6 rats
138 creatures vanquished.

Vanquished Creatures (collateral kills)
  An orc (D:4)
  A kobold (D:1)
2 creatures vanquished.

Vanquished Creatures (others)
  An endoplasm (D:1)
  A ball python (D:1)
2 creatures vanquished.

Grand Total: 142 creatures vanquished

Notes
Turn   | Place    | Note
-------+----------+-------------------------------------------
     0 | D:1      | H0rd4k the Human Artificer began the quest for the Orb.
     0 | D:1      | Reached XP level 1. HP: 15/15 MP: 1/1
     6 | D:1      | Noticed a basilisk
     6 | D:1      | Noticed a ragged hierophant
    59 | D:1      | Noticed a hell rat
    59 | D:1      | Noticed a centaur warrior
   525 | D:1      | Reached XP level 2. HP: 17/21 MP: 2/2
   604 | D:1      | Reached XP level 3. HP: 7/27 MP: 3/3
  1239 | D:2      | Identified the +4 ring mail of Imperfection {rC+ Stlth+}
  1322 | D:2      | Found a faded altar of an unknown god.
  1444 | D:2      | Reached skill level 1 in Short Blades
  1444 | D:2      | Reached XP level 4. HP: 31/33 MP: 4/4
  1557 | D:2      | Reached skill level 1 in Maces & Flails
  2015 | D:3      | Noticed a black bear
  2021 | D:3      | Killed a black bear
  2022 | D:3      | Reached skill level 2 in Short Blades
  2022 | D:3      | Reached XP level 5. HP: 36/39 MP: 5/5
  2170 | D:3      | Reached skill level 3 in Short Blades
  2474 | D:3      | Reached XP level 6. HP: 43/46 MP: 6/6
  3147 | D:4      | Reached skill level 4 in Short Blades
  3208 | D:4      | Reached XP level 7. HP: 23/52 MP: 7/7
  3734 | D:5      | Entered Level 5 of the Dungeon
  3779 | D:5      | Reached skill level 5 in Short Blades
  3914 | D:5      | Reached skill level 6 in Short Blades
  3990 | D:5      | Reached XP level 8. HP: 55/58 MP: 8/8
  4233 | D:5      | Reached skill level 7 in Short Blades
  4359 | D:5      | Identified the +0 pair of gloves of the Grue {Dex+5}
  4391 | D:5      | Identified the +5 spear of Causality {flame, Will+}
  4761 | D:6      | HP: 1/55 [wight/+4 dagger (2)]
  5138 | D:6      | Reached skill level 8 in Short Blades
  5228 | D:6      | Reached XP level 9. HP: 48/65 MP: 9/9
  5373 | D:6      | Reached skill level 9 in Short Blades
  5405 | D:6      | Slain by an ogre

Illustrated notes

Levels and vault maps discovered:
D:1:      onia_arrival_zoo_common, layout_basic, minmay_tree_intersection
D:2:      layout_rooms, nicolae_ecumenical_lake_church, minmay_tromino_v7
D:3:      layout_loops_cross, minmay_mini_jars
D:4:      layout_rooms, kennysheep_generic_room_12
D:5:      layout_cave_pools, chequers_serial_rivers_micro_c,
          minmay_quadrilaterals
D:6:      layout_cave_pools, xom_confusion_cloud, minmay_misc_feat_encased,
          nzn_random_ring

Skill      XL: |  1  2  3  4  5  6  7  8  9 |
---------------+----------------------------+-----
Dodging        | 2 3 4 |  4.4
Fighting       | 2 3 4 |  4.7
Short Blades   | 1 2 3 4 6 8 9 |  9.3
Maces & Flails | 1 |  1.3
Armour         | |  2.0
Stealth        | |  1.0
Evocations     | |  3.0

Action                   |  1- 3 |  4- 6 |  7- 9 || total
-------------------------+-------+-------+-------++-------
Melee: Club              |    15 |       |       ||    15
       Mace              |    14 |       |       ||    14
       Dagger            |    52 |   173 |   341 ||   566
       Punch             |       |     3 |     7 ||    10
Evoke: Wand              |    11 |     2 |     2 ||    15
 Stab: Sleeping          |     2 |     8 |     5 ||    15
Armor: Leather armour    |     9 |       |       ||     9
       Ring mail         |    15 |    53 |    89 ||   157
Dodge: Dodged            |    63 |    79 |   128 ||   270
